 Dungeon Crawl Stone Soup version 0.22-a0-305-gd21a89c (webtiles) character file.

32 Amnesiac the Conjurer (level 3, 0/24 HPs)
             Began as a Mummy Conjurer on Mar 31, 2018.
             Slain by a goblin
             ... wielding a +0 club
              (4 damage)
             ... on level 2 of the Dungeon.
             The game lasted 00:01:43 (964 turns).

Amnesiac the Conjurer (Mummy Conjurer)               Turns: 964, Time: 00:01:44

Health: 0/24       AC:  5    Str: 11    XL:     3   Next: 10%
Magic:  5/8        EV: 11    Int: 15    God:
Gold:   32         SH:  0    Dex: 12    Spells: 8/9 levels left

rFire    x . .     SeeInvis .   (no weapon)
rCold    + . .     Gourm    .   (no shield)
rNeg     + + +     Faith    .   c - +2 leather armour {MR+}
rPois    ∞         Spirit   .   (no helmet)
rElec    .         Reflect  .   (no cloak)
rCorr    .         Harm     .   (no gloves)
MR       +....                  (no boots)
Stlth    +.........             e - amulet of inaccuracy (curse)
HPRegen  0.08/turn              (no ring)
MPRegen  0.11/turn              (no ring)

@: very slightly contaminated
A: no food or potions, fire vulnerability, cold resistance 1, negative energy
resistance 3, torment resistance, unbreathing
a: no special abilities


You were on level 2 of the Dungeon.
You were not hungry.

You visited 1 branch of the dungeon, and saw 2 of its levels.

You collected 32 gold pieces.

Inventory:

Armour
 c - a +2 leather armour of magic resistance (worn)
Jewellery
 e - a cursed amulet of inaccuracy (around neck)
Scrolls
 a - 2 scrolls of teleportation {!r, unknown}
 b - a scroll of enchant armour {!r, unknown}
 d - a scroll of identify {!r, unknown}
 f - a scroll of fear {!r, unknown}


   Skills:
 - Level 1.5 Dodging
 - Level 1.5 Stealth
 + Level 3.7 Spellcasting
 * Level 3.7 Conjurations


You had 8 spell levels left.
You knew the following spells:

 Your Spells              Type           Power        Failure   Level  Hunger
a - Magic Dart            Conj           ##..         5%          1    N/A

Dungeon Overview and Level Annotations

Branches:
Dungeon (2/15)

Altars:

Annotations:
D:2 Sigmund


Innate Abilities, Weirdness & Mutations

You do not eat or drink.
Your flesh is vulnerable to fire.
You are immune to poison.
Your flesh is cold resistant. (rC+)
You are immune to negative energy. (rN+++)
You are immune to unholy pain and torment.
You can survive without breathing.


Message History

You see here a short sword.
The adder bites you.
A kobold comes into view. It is wielding a short sword.
The kobold shouts!
You hear a shout!
A goblin and a hobgoblin come into view.
The adder bites you.
A goblin comes into view. It is wielding a club.
You see here 24 arrows.
Casting: Magic Dart (safe; 5% risk of failure)
Confirm with . or Enter, or press ? or * to list all spells.
Aiming: Magic Dart (safe; 5% risk of failure)
Press: ? - help, Shift-Dir - straight line, f - adder
Aim: an adder The magic dart hits the adder.
The adder is moderately wounded.
The goblin shouts!
The adder bites you but does no damage.
Casting: Magic Dart (safe; 5% risk of failure)
Confirm with . or Enter, or press ? or * to list all spells.
Aiming: Magic Dart (safe; 5% risk of failure)
Press: ? - help, Shift-Dir - straight line, f/p - adder
Aim: an adder (moderately wounded)
You miscast Magic Dart.
You are very lightly contaminated with residual magic.
Nothing appears to happen.
The adder misses you.
You hit the kobold.
The kobold is severely wounded.
The adder bites you but does no damage. The adder closely misses you.
The goblin barely misses you. The kobold barely misses you.
You closely miss the kobold.
The kobold is severely wounded.
Sigmund barely misses you. The adder bites you. The kobold closely misses you.
You closely miss the kobold.
The kobold is severely wounded.
The goblin hits you with a club. The adder barely misses you.
Sigmund misses you. The kobold misses you.
Casting: Magic Dart (safe; 5% risk of failure)
Confirm with . or Enter, or press ? or * to list all spells.
Aiming: Magic Dart (safe; 5% risk of failure)
Press: ? - help, Shift-Dir - straight line, f - kobold, p - adder
Aim: a kobold, wielding a short sword (severely wounded)
The magic dart hits the kobold.
You kill the kobold!
The adder closely misses you. The goblin hits you with a club.
* * * LOW HITPOINT WARNING * * *
The adder bites you.
* * * LOW HITPOINT WARNING * * *
You hit the hobgoblin.
The hobgoblin is moderately wounded.
Sigmund drinks a potion.
Sigmund seems to grow stronger.
The goblin misses you. The hobgoblin hits you.
* * * LOW HITPOINT WARNING * * *
The adder misses you.
Casting: Magic Dart (safe; 5% risk of failure)
Confirm with . or Enter, or press ? or * to list all spells.
Aiming: Magic Dart (safe; 5% risk of failure)
Press: ? - help, Shift-Dir - straight line, f - hobgoblin
Aim: a hobgoblin (moderately wounded)
The magic dart hits the hobgoblin.
The hobgoblin is almost dead.
Sigmund barely misses you. The adder bites you but does no damage.
The hobgoblin barely misses you. The goblin hits you but does no damage.
The goblin hits you with a club.
You die...

.. .# .# .#
###.# ...
#g# ###S###
# #..g@g#
#..###@###.#
#....[)# ...
#.#.##.#
.#..# ..
#.....#....
... ....###
#### #.
###### #


You could see Sigmund, an adder, a hobgoblin and 2 goblins.

Vanquished Creatures
  3 leopard geckos (D:1)
  A bat (D:1)
  2 giant cockroaches (D:1)
  A hobgoblin (D:1)
  7 kobolds
  2 frilled lizards (D:1)
  6 goblins (D:1)
  6 rats (D:1)
28 creatures vanquished.

Notes
Turn   | Place    | Note
-------+----------+-------------------------------------------
     0 | D:1      | Amnesiac the Mummy Conjurer began the quest for the Orb.
     0 | D:1      | Reached XP level 1. HP: 13/13 MP: 4/4
   147 | D:1      | Reached XP level 2. HP: 19/19 MP: 3/6
   765 | D:1      | Reached XP level 3. HP: 24/24 MP: 2/8
   951 | D:2      | Noticed Sigmund
   964 | D:2      | Slain by a goblin

Vault maps used:
D:1:      minmay_arrival_up_and_down
D:2:      serial_bayou_pond_d, uniq_terence, uniq_sigmund, uniq_robin

Skill      XL: |  1 |
---------------+----+-----
Spellcasting   | 3 |  3.7
Dodging        | |  1.5
Stealth        | |  1.5
Conjurations   | |  3.7

Action                   || total
-------------------------++-------
Melee: Unarmed           ||    23
 Cast: Magic Dart        ||    58
Armor: Robe              ||     3
       Leather armour    ||    11
Dodge: Dodged            ||    38

Table legend:
 A = Spawn XP
 B = Non-spawn XP
 C = Spawn XP percentage of total XP
 D = Spawn monster count
 E = Non-spawn monster count
 F = Spawn count percentage of total count
 G = Total turns spent on level
                    A         B        C        D         E        F      G
               +---------+---------+-------+---------+---------+-------+---------
         Total |       0 |      47 |   0.0 |       0 |      28 |   0.0 |   964
               +---------+---------+-------+---------+---------+-------+---------
           D:1 |       0 |      45 |   0.0 |       0 |      27 |   0.0 |   951
           D:2 |       0 |       2 |   0.0 |       0 |       1 |   0.0 |    13
               +---------+---------+-------+---------+---------+-------+---------
